Map: Orbital Shipyard

Players

IIIIIIIIIIII

  • Race: Protoss Protoss
  • League: Grandmaster

oliM - Winner!

  • Race: Protoss Protoss
  • League: Master

VOD

Have the link to the VOD?

Description

Time

  • Played on: Jan. 30, 2016, 5:04 p.m.
  • Length: 7:20
Show
View Real Time Build Order
Export as new Build Order

IIIIIIIIIIII Protoss 

Build Orders: 1 Gate Expand 

Get SALT Encoding   

  12  0:01  Probe (Chrono Boost)  
  13  0:11  Probe (Chrono Boost)  
  14  0:18  Pylon  
  14  0:22  Probe (Chrono Boost)  
  15  0:36  Probe (Chrono Boost)  
  15  0:38  Gateway  
  16  0:46  Assimilator  
  16  0:47  Probe (Chrono Boost)  
  17  0:57  Probe (Chrono Boost)  
  18  1:08  Probe (Chrono Boost)  
  20  1:18  Probe (Chrono Boost)  
  20  1:25  Nexus  
  20  1:35  Cybernetics Core  
  20  1:39  Probe (Chrono Boost)  
  21  1:44  Assimilator  
  21  1:49  Probe (Chrono Boost)  
  22  1:54  Pylon  
  22  2:00  Probe (Chrono Boost)  
  23  2:12  Probe (Chrono Boost)  
  23  2:13  Adept (Chrono Boost)  
  23  2:14  Warp Gate  
  26  2:24  Mothership Core  
  30  2:37  Stalker (Chrono Boost)  
  30  2:38  Probe  
  31  2:45  Probe  
  31  2:49  Probe  
  33  2:57  Probe  
  34  2:59  Probe  
  35  3:08  Stalker (Chrono Boost)  
  35  3:09  Probe (Chrono Boost)  
  35  3:10  Probe (Chrono Boost)  
  39  3:14  Twilight Council  
  37  3:21  Probe (Chrono Boost)  
  37  3:22  Probe (Chrono Boost)  
  37  3:23  Assimilator  
  39  3:28  Assimilator  
  39  3:32  Gateway, Probe (Chrono Boost)  
  39  3:33  Probe (Chrono Boost)  
  41  3:42  Probe (Chrono Boost)  
  41  3:44  Probe (Chrono Boost), Pylon  
  43  3:48  Stalker  
  43  3:53  Probe (Chrono Boost)  
  45  4:03  Blink (Chrono Boost)  
  45  4:06  Gateway  
  45  4:10  Probe  
  45  4:13  Gateway  
  45  4:14  Probe  
  47  4:21  Dark Shrine  
  47  4:22  Probe  
  48  4:24  Probe, Pylon  
  49  4:32  Robotics Facility  
  49  4:34  Probe  
  50  4:39  Stalker, Probe  
  53  4:47  Probe  
  53  4:49  Probe  
  55  4:53  Pylon  
  55  4:59  Probe  
  56  5:00  Probe  
  57  5:12  Gateway x2  
  57  5:13  Stalker  
  59  5:15  Stalker x2  
  59  5:19  Observer (Chrono Boost)  
  64  5:23  Gateway  
  64  5:26  Pylon  
  64  5:38  Warp Prism (Chrono Boost)  
  64  5:40  Stalker  
  64  5:41  Stalker  
  70  5:44  Stalker  
  70  5:48  Pylon  
  72  5:59  Pylon  
  72  6:06  Dark Templar x2  
  72  6:08  Dark Templar  
  78  6:11  Dark Templar  
  78  6:13  Observer  
  78  6:17  Stalker  
  78  6:18  Stalker  
  85  6:20  Probe x2  
  85  6:23  Pylon  
  87  6:37  Pylon  
  87  7:00  Dark Templar  
  87  7:01  Dark Templar x4  
  85  7:02  Zealot  
Show
View Real Time Build Order
Export as new Build Order

oliM Protoss - Winner!

Build Orders: 1 Gate Expand, Blink Stalkers 

Get SALT Encoding   

  12  0:01  Probe (Chrono Boost)  
  13  0:11  Probe (Chrono Boost)  
  14  0:19  Pylon  
  14  0:22  Probe (Chrono Boost)  
  15  0:37  Probe (Chrono Boost)  
  15  0:40  Gateway  
  16  0:48  Probe (Chrono Boost)  
  17  0:51  Assimilator  
  17  0:55  Assimilator  
  17  0:58  Probe (Chrono Boost)  
  18  1:19  Nexus  
  18  1:26  Probe (Chrono Boost)  
  19  1:37  Probe (Chrono Boost)  
  19  1:38  Cybernetics Core  
  20  1:42  Assimilator  
  20  1:47  Probe (Chrono Boost)  
  21  1:58  Probe (Chrono Boost), Pylon  
  22  2:08  Probe (Chrono Boost)  
  23  2:17  Adept  
  23  2:18  Warp Gate  
  23  2:19  Probe (Chrono Boost)  
  28  2:30  Mothership Core (Chrono Boost)  
  28  2:34  Probe (Chrono Boost)  
  29  2:38  Pylon  
  29  2:45  Probe (Chrono Boost)  
  29  2:48  Probe (Chrono Boost)  
  31  2:55  Probe (Chrono Boost)  
  32  2:59  Probe (Chrono Boost)  
  32  3:00  Twilight Council  
  33  3:06  Probe (Chrono Boost)  
  33  3:09  Probe (Chrono Boost)  
  35  3:16  Probe (Chrono Boost)  
  37  3:20  Probe (Chrono Boost)  
  38  3:27  Probe (Chrono Boost)  
  38  3:28  Pylon  
  38  3:30  Probe (Chrono Boost)  
  38  3:33  Gateway  
  39  3:35  Gateway  
  39  3:36  Sentry  
  39  3:37  Probe (Chrono Boost)  
  39  3:41  Probe (Chrono Boost)  
  43  3:42  Blink (Chrono Boost)  
  43  3:48  Probe (Chrono Boost)  
  44  3:51  Probe (Chrono Boost)  
  45  3:58  Probe (Chrono Boost)  
  45  4:01  Robotics Facility  
  45  4:02  Probe (Chrono Boost)  
  47  4:07  Probe (Chrono Boost)  
  47  4:09  Assimilator  
  48  4:15  Probe, Assimilator  
  49  4:18  Probe  
  49  4:23  Pylon  
  50  4:27  Probe  
  50  4:28  Probe  
  52  4:39  Probe x2  
  52  4:42  Nexus  
  52  4:44  Pylon  
  54  4:49  Probe, Observer (Chrono Boost)  
  54  4:51  Probe  
  57  4:55  Gateway  
  57  4:57  Gateway  
  57  5:02  Stalker x3  
  63  5:08  Observer (Chrono Boost)  
  64  5:17  Gateway  
  64  5:19  Gateway  
  64  5:23  Pylon  
  64  5:25  Probe  
  64  5:26  Immortal (Chrono Boost)  
  69  5:29  Sentry  
  71  5:41  Probe  
  72  5:43  Pylon  
  72  5:46  Forge  
  72  5:47  Stalker x2  
  76  5:57  Stalker  
  76  5:58  Pylon  
  76  6:01  Observer (Chrono Boost)  
  76  6:02  Probe  
  76  6:03  Stalker x2  
  84  6:05  Probe  
  85  6:13  Stalker x2  
  87  6:22  Probe  
  87  6:25  Photon Cannon  
  88  6:27  Probe  
  88  6:30  Stalker x2  
  88  6:31  Stalker  
  95  6:38  Immortal (Chrono Boost)  
  99  6:40  Stalker  
  101  6:48  Stalker x3  
  101  6:52  Probe  
  108  7:02  Stalker x3  
Tags
 
Add a new tag
Caveats
  • Supply blocks, unpowered buildings, or Contaminate may cause inaccurate times.
  • Supply counts are checked every 10 seconds.